 Dungeon Crawl Stone Soup version 0.30.1-3-gfc49f6343a (webtiles) character file.

Game seed: 11490174714223356769

7316 arthad the Destroyer (level 10, -18/74 HPs)
             Began as a Demonspawn Fire Elementalist on Aug 5, 2023.
             Was an Initiate of Gozag.
             Demolished by a boulder beetle (42 damage)
             ... on level 10 of the Dungeon on Aug 6, 2023.
             The game lasted 00:35:29 (13553 turns).

arthad the Destroyer (DsFE)                        Turns: 13553, Time: 00:35:30

Health: -18/74     AC: 12    Str:  9    XL:     10   Next: 90%
Magic:  4/21       EV: 14    Int: 20    God:    Gozag
Gold:   502        SH:  0    Dex: 14    Spells: 13/23 levels left

rFire   + . .        a - staff of conjuration
rCold   x . .        (no shield)
rNeg    . . .        r - +2 robe {Will+}
rPois   .            l - +0 helmet
rElec   .            S - +0 cloak
rCorr   .            p - +0 pair of gloves
SInv    .            J - +1 pair of boots
Will    +....        (no amulet)
Stlth   +++          v - ring of fire
HPRegen 0.32/turn    (no ring)
MPRegen 0.17/turn

%: no passive effects
@: no status effects
A: yellow scales 2, ignite blood 1, weakness stinger 1
a: Renounce Religion, Potion Petition, Call Merchant, Bribe Branch


You were on level 10 of the Dungeon.
You worshipped Gozag.
Gozag was pleased with you.
You visited 2 branches of the dungeon, and saw 11 of its levels.
You also visited: Sewer.

You collected 657 gold pieces.
You paid 155 gold pieces to Gozag.

Inventory:

Hand Weapons
 b - a +0 vampiric dagger
 o - a +0 bardiche
 q - a +4 club
 R - a +2 quarterstaff of chaos
Missiles
 i - 50 poisoned darts
 U - 4 atropa-tipped darts
Armour
 l - a +0 helmet (worn)
 p - a +0 pair of gloves (worn)
 r - a +2 robe of willpower (worn)
 E - a +0 buckler
 J - a +1 pair of boots (worn)
 K - the orb "Damnable Contraption" {light, rElec Will- Regen+ Str-5}
   (You found it on level 6 of the Dungeon)

   Str:       It affects your strength (-5).
   rElec:     It insulates you from electricity.
   Regen:     It increases your rate of health regeneration.
   Will:      It decreases your willpower.
 Q - the +0 chain mail of Parts Unknown {rPois rN+ rCorr Int-2}
   (You found it on level 7 of the Dungeon)

   Int:       It affects your intelligence (-2).
   rPois:     It protects you from poison.
   rN:        It protects you from negative energy.
   rCorr:     It protects you from acid and corrosion.
 S - a +0 cloak (worn)
 X - the +0 scale mail of Cynicism {Harm Rampage rC- Int-4}
   (You found it on level 9 of the Dungeon)

   Int:       It affects your intelligence (-4).
   rC:        It makes you vulnerable to cold.
   Harm:      It increases damage dealt and taken.
   Rampage:   It bestows one free step when moving towards enemies.
Magical Staves
 a - a staff of conjuration (weapon)
 V - a staff of air
Jewellery
 t - a ring of ice
 u - the amulet of Elemental Vulnerability {rPois rF-- rC-- AC+8}
   (You found it on level 3 of the Dungeon)

   [amulet of nothing]

   AC:        It affects your AC (+8).
   rF:        It makes you very vulnerable to fire.
   rC:        It makes you very vulnerable to cold.
   rPois:     It protects you from poison.
 v - a ring of fire (left hand)
 H - a ring of fire
 Y - an amulet of magic regeneration
Wands
 c - a wand of charming (37)
 N - a wand of mindburst (22)
 W - a wand of flame (16)
Scrolls
 d - a scroll of noise {unknown}
 e - 3 scrolls of teleportation
 g - a scroll of immolation {unknown}
 h - 10 scrolls of identify {unknown}
 j - 2 scrolls of enchant weapon {unknown}
 m - a scroll of fear {unknown}
 y - 2 scrolls of butterflies {unknown}
 A - a scroll of poison {unknown}
 F - a scroll of amnesia {unknown}
 P - 2 scrolls of magic mapping
 T - a scroll of blinking {unknown}
Potions
 f - 5 potions of curing
 k - 2 potions of degeneration
 n - 3 potions of haste {unknown}
 s - a potion of heal wounds
 w - 2 potions of mutation {unknown}
 x - 5 potions of might
 z - 2 potions of brilliance {unknown}
 B - a potion of berserk rage {unknown}
 C - 2 potions of ambrosia {unknown}
 D - a potion of resistance {unknown}
 G - 3 potions of cancellation {unknown}
 I - 2 potions of invisibility {unknown}
 L - 2 potions of lignification
 M - 2 potions of attraction {unknown}


   Skills:
 + Level 5.3 Fighting
 + Level 5.5 Dodging
 + Level 5.8 Stealth
 * Level 7.4 Spellcasting
 * Level 8.0 Conjurations
 * Level 7.8 Fire Magic


You had 13 spell levels left.
You knew the following spells:

 Your Spells              Type           Power      Damage    Failure   Level
a - Foxfire               Conj/Fire      100%       2x1d9     1%          1
b - Scorch                Fire           100%       2d9       1%          2
c - Flame Wave            Conj/Fire      73%        2d16      3%          4
d - Ignite Poison         Fire/Tmut/Pois 26%        N/A       10%         3

Your spell library contained the following spells:

 Spells                   Type           Power      Damage    Failure   Level
 Kiss of Death            Conj/Necr      100%       2d13      1%          1
 Inner Flame              Hex/Fire       34%        N/A       5%          3
 Volatile Blastmotes      Fire/Tloc      68%        2d15      5%          3
 Fireball                 Conj/Fire      36%        3d15      10%         5
 Cigotuvi's Dreadful Rot  Necr/Pois/Air  14%        N/A       14%         2
 Ensorcelled Hibernation  Hex/Ice        14%        N/A       14%         2
 Passwall                 Tmut/Erth      5%         N/A       14%         2
 Confusing Touch          Hex            7%         N/A       26%         3
 Portal Projectile        Hex/Tloc       14%        N/A       26%         3
 Summon Guardian Golem    Hex/Summ       7%         N/A       26%         3
 Swiftness                Air            7%         N/A       26%         3
 Tukima's Dance           Hex            7%         N/A       26%         3
 Vhi's Electric Charge    Tloc/Air       14%        N/A       26%         3
 Arcjolt                  Conj/Air       17%        1d27      43%         5
 Starburst                Conj/Fire      36%        6d11      45%         6
 Freezing Cloud           Conj/Ice/Air   13%        6-21      63%         5
 Dispel Undead            Necr           7%         3d8       65%         4
 Blade Hands              Tmut           3%         N/A       94%         5
 Plasma Beam              Fire/Air       17%        2x1d31    95%         6
 Orb of Destruction       Conj           28%        9d9       95%         7
 Spellforged Servitor     Conj/Summ      17%        N/A       100%        7


Dungeon Overview and Level Annotations

Branches:
Dungeon (10/15)            Temple (1/1) D:5            Lair (0/5) D:8
    Orc (0/2) D:9           Sewer (visited)

Altars:
Ashenzari
Cheibriados
Dithmenos
Fedhas
Gozag
Hepliaklqana
Makhleb
Nemelex Xobeh
Okawaru
Qazlal
Ru
Trog
Uskayaw
Wu Jian
Xom
Yredelemnul

Shops:
D:3 [   D:5 :   D:6 *   D:8 (   D:9 [


Innate Abilities, Weirdness & Mutations

You are mostly covered in yellow scales. (AC +3)
Your demonic aura sometimes causes spilled blood to erupt in flames.
You have a small tail.


Message History

Casting: Foxfire (safe; 1% risk of failure)
Press: ? - help, Q - select action, (/) - cycle Dir - look around, f - activate You feel a strong surge of power!
You conjure some foxfire!
The foxfire hits the boulder beetle but does no damage.
The boulder beetle is lightly wounded.
The foxfire hits the boulder beetle but does no damage.
The boulder beetle is lightly wounded.
The foxfire hits the boulder beetle but does no damage.
The boulder beetle is lightly wounded.
The foxfire hits the boulder beetle but does no damage.
The boulder beetle is lightly wounded.
The boulder beetle curls into a ball and begins rolling!
Aiming: Mindburst
Press: ? - help, Shift-Dir - straight line, f - boulder beetle
Aim: a boulder beetle (lightly wounded, rolling, chance to affect: 47%)
The boulder beetle resists with some effort.
Casting: Foxfire (safe; 1% risk of failure)
Press: ? - help, Q - select action, (/) - cycle Dir - look around, f - activate
Okay, then.
Throw: boomerang (disperse)
Press: ? - help, Shift-Dir - straight line, f/p - boulder beetle
Aim: a boulder beetle (lightly wounded, rolling, 90% to hit)
You throw a boomerang of dispersal.
The boomerang of dispersal hits the boulder beetle and shatters, but does no damage.
The boulder beetle is lightly wounded.
Okay, then.
Okay, then.
Unknown command.
Casting: Foxfire (safe; 1% risk of failure)
Confirm with . or Enter, or press ? or * to list all spells.
Casting: Flame Wave (dangerous; 3% risk of failure)
Press: ? - help, Dir - look around, f - activate You feel a strong surge of power!
A wave of flame ripples out!
The flame wave engulfs the boulder beetle!
The boulder beetle is moderately wounded. (Press . to intensify the flame waves.)
The boulder beetle hits you!!!
Ouch! That really hurt!
You die...
Your body crumbles into a pile of gold.

*#....#..*B.:.#...#..####+#+#####
++..#...,,.)......#..............
*#[.#...*,:..#,,#...#####.#.#.###
*#..#...#,,,**,,#......##........
*#..#...##*,,,,,#......##.#.#.###
*,,**,,...,,,,##......##.#.#.#
*,,,*,,....####.......#.##.#.#
*,,,***...............+.##.#.#
***,,,,***##....@B°°°..#.##.#.#
,,,*,,,,,.....#.).....).....#.#**
,,,**,,,,'..####.........####.#*,
,,,***,,,#.#####.....).).))...#*,
*+****,,,#.........#..)).).###...
*,,,**,,,#########.#.......#*,.##
***,,*,,,,,,,* #.#.......#*,##
****,,******,* #.#.......#*,*
,,,,,,,,,,**,* *.#.........,*


You could see a boulder beetle (rolling).

Vanquished Creatures
  A centaur warrior (D:10)
  3 two-headed ogres (D:10)
  A troll (D:9)
  Eustachio (D:4)
  A wyvern (D:8)
  5 yaks (D:9)
  Menkaure (D:7)
  2 water moccasins
  Duvessa (D:6)
  An orc warrior (D:6)
  An ice beast (D:7)
  2 sky beasts
  6 black bears
  2 ogres
  The ghost of jujuben the Sneak, an amateur DsBr (D:5)
  2 centaurs
  3 bullfrogs
  4 kobold brigands
  2 scorpions (D:7)
  A wyvern zombie (D:5)
  A wyvern skeleton (D:5)
  Dowan (D:6)
  2 hounds
  2 jellies
  7 orc priests
  Crazy Yiuf (D:7)
  A bullfrog skeleton (D:5)
  A gnoll bouda (D:3)
  Jessica (D:2)
  A centaur skeleton (D:5)
  3 sleepcaps
  4 iguanas
  9 orc wizards
  Terence (D:2)
  A gnoll (D:1)
  16 adders
  6 river rats
  2 shadow imps
  3 white imps
  An ufetubus (D:4)
  3 worms
  2 dart slugs
  29 orcs
  15 ball pythons
  16 bats
  9 endoplasms
  2 giant cockroaches
  2 goblins
  6 hobgoblins
  3 jackals (D:2)
  7 quokkas
  3 frilled lizards
  33 kobolds
  27 rats
262 creatures vanquished.

Vanquished Creatures (others)
  A goblin (D:2)
  904 foxfires
905 creatures vanquished.

Grand Total: 1167 creatures vanquished

Notes
Turn   | Place    | Note
-------+----------+-------------------------------------------
     0 | D:1      | arthad the Demonspawn Fire Elementalist began the quest for
                  | the Orb.
     0 | D:1      | Reached XP level 1. HP: 13/13 MP: 3/3
   254 | D:1      | Gained mutation: You are partially covered in yellow
                  | scales. (AC +2) [demonic ancestry]
   254 | D:1      | Reached XP level 2. HP: 19/19 MP: 3/5
   757 | D:1      | Learned a level 2 spell: Scorch
   792 | D:1      | Gained mutation: You are mostly covered in yellow scales.
                  | (AC +3) [demonic ancestry]
   792 | D:1      | Reached XP level 3. HP: 6/25 MP: 0/6
  1332 | D:2      | Found a faded altar of an unknown god.
  1453 | D:2      | Noticed Terence
  1466 | D:2      | Killed Terence
  1467 | D:2      | Reached XP level 4. HP: 15/31 MP: 7/7
  1580 | D:2      | Reached skill level 1 in Fighting
  1580 | D:2      | Reached skill level 2 in Conjurations
  1858 | D:2      | Noticed Jessica
  1864 | D:2      | Killed Jessica
  2397 | D:3      | Found Paraixt's Armour Shop.
  2715 | D:3      | Gained mutation: You have a small tail. [demonic ancestry]
  2715 | D:3      | Reached XP level 5. HP: 34/37 MP: 6/9
  2856 | D:3      | Found the amulet of Elemental Vulnerability {rPois rF--
                  | rC-- AC+8}
  2948 | D:3      | Learned a level 4 spell: Flame Wave
  3252 | D:3      | Noticed a black bear
  3260 | D:3      | Killed a black bear
  3261 | D:3      | Gained mutation: Your demonic aura sometimes causes spilled
                  | blood to erupt in flames. [demonic ancestry]
  3261 | D:3      | Reached XP level 6. HP: 43/43 MP: 2/10
  3634 | D:4      | Noticed Eustachio
  3639 | D:4      | Killed Eustachio
  3640 | D:4      | Reached skill level 3 in Conjurations
  4268 | D:4      | Found a stormy altar of Qazlal.
  4272 | D:4      | Found a broken altar of Ashenzari.
  4275 | D:4      | Found a shimmering altar of Xom.
  4407 | D:4      | Reached XP level 7. HP: 50/50 MP: 6/12
  4740 | D:5      | Entered Level 5 of the Dungeon
  4914 | D:5      | Found a transporter.
  4917 | D:5      | Found a transporter.
  4918 | D:5      | Noticed jujuben's ghost (amateur DsBr)
  5169 | D:5      | Found a bloodstained altar of Trog.
  5399 | D:5      | Reached skill level 4 in Conjurations
  5568 | D:5      | Learned a level 3 spell: Ignite Poison
  5729 | D:5      | Found Lual's Book Shop.
  5791 | D:5      | Reached XP level 8. HP: 57/57 MP: 5/14
  5874 | D:5      | Found a staircase to the Ecumenical Temple.
  5880 | Temple   | Entered the Ecumenical Temple
  6030 | D:5      | Reached skill level 5 in Fire Magic
  6396 | D:5      | Killed jujuben's ghost
  6526 | D:6      | Reached skill level 5 in Conjurations
  6812 | D:6      | Reached skill level 5 in Spellcasting
  6869 | D:6      | Found Metiat's Overcharged Wands.
  6912 | D:6      | Found a glowing drain.
  6930 | Sewer    | Entered a sewer
  7790 | Sewer    | Reached XP level 9. HP: 64/64 MP: 10/16
  8170 | D:6      | Identified the orb "Damnable Contraption" {light, rElec
                  | Will- Regen+ Str-5}
  8200 | D:6      | Noticed Duvessa
  8201 | D:6      | Noticed Dowan
  8205 | D:6      | Killed Duvessa
  8205 | D:6      | Killed Dowan
  8526 | D:6      | Reached skill level 6 in Conjurations
  9645 | D:7      | Noticed Menkaure
  9656 | D:7      | Killed Menkaure
  9822 | D:7      | Identified the +0 chain mail of Parts Unknown {rPois rN+
                  | rCorr Int-2}
 10492 | D:7      | Found a runed translucent door.
 10493 | D:7      | Noticed Crazy Yiuf
 10498 | D:7      | Killed Crazy Yiuf
 10810 | D:8      | Found a staircase to the Lair.
 10863 | D:8      | Found an ornate altar of the Wu Jian Council.
 11419 | D:8      | Reached skill level 5 in Stealth
 11517 | D:8      | Found a sparkling altar of Nemelex Xobeh.
 11571 | D:8      | Found Qaixkuq's Weapon Shop.
 11951 | D:9      | Found Kiof's Antique Armour Emporium.
 11965 | D:9      | Reached XP level 10. HP: 73/73 MP: 10/19
 11970 | D:9      | Reached skill level 7 in Conjurations
 12279 | Temple   | Became a worshipper of Gozag Ym Sagoz the Greedy
 12430 | D:9      | Identified the +0 scale mail of Cynicism {Harm Rampage rC-
                  | Int-4}
 12467 | D:9      | Found a staircase to the Orcish Mines.
 12578 | D:9      | Reached skill level 5 in Dodging
 13096 | D:10     | Entered Level 10 of the Dungeon
 13126 | D:10     | Noticed a two-headed ogre
 13129 | D:10     | Noticed a two-headed ogre
 13131 | D:10     | Killed a two-headed ogre
 13138 | D:10     | Killed a two-headed ogre
 13139 | D:10     | Reached skill level 5 in Fighting
 13288 | D:10     | Noticed a boulder beetle
 13318 | D:10     | Noticed a two-headed ogre
 13324 | D:10     | Killed a two-headed ogre
 13522 | D:10     | Noticed a centaur warrior
 13539 | D:10     | Killed a centaur warrior
 13540 | D:10     | Reached skill level 8 in Conjurations
 13553 | D:10     | Demolished by a boulder beetle

Illustrated notes

Levels and vault maps discovered:
D:1:      dpeg_arrival_windows_large_door, layout_loops_ring, dk_noncrumbling_3,
          dk_noncrumbling_4
D:2:      layout_basic, shapermc_ecumenical_altar_venn, nrook_mini_vaults,
          chequers_serial_rivers_micro_b, uniq_terence, uniq_jessica
D:3:      layout_loops_corners, serial_shops, shop, st_stairs_11
D:4:      layout_gridville, minmay_overflow_temple_star_quad, uniq_eustachio
D:5:      layout_basic, nicolae_overflow_crystal_walls, trog_butcher_becter,
          minmay_temple_entry_purple_smoke, serial_shops,
          nicolae_shop_behind_doors, gammafunk_ghost_mausoleum,
          grunt_ministairs_6
D:6:      layout_rooms, portal_sewer_entry_a, grunt_ministairs_1, corexii_shack,
          st_stairs_12, chequers_mini_garden, nicolae_shop_overcharged_wands,
          uniq_duvessa
D:7:      layout_basic, roderic_batcave, uniq_crazy_yiuf_cottage, uniq_menkaure
D:8:      layout_loops_corners, general_overflow_altar,
          nicolae_wu_jian_wuxing_cycle, dpeg_oklobed_lair, serial_shops,
          kennysheep_mini_moat
D:9:      layout_roguey, orc_0_dummy, grunt_decor_cap,
          chequers_serial_rivers_small_b, nicolae_stop_n_shop_1,
          minmay_misc_feat_iff
D:10:     layout_basic, palyth_temple_overflow_mages, minmay_radiant
Temple:   nicolae_temple_ecumenical_triangle

Skill      XL: |  1  2  3  4  5  6  7  8  9 10 |
---------------+-------------------------------+-----
Stealth        | 2 3 4 5 |  5.8
Dodging        | 2 3 4 5 |  5.5
Fire Magic     | 3 4 5 6 7 |  7.8
Fighting       | 1 2 3 4 5 |  5.3
Conjurations   | 2 3 4 5 6 8 |  8.0
Spellcasting   | 3 4 5 6 7 |  7.4

Action                     |  1- 3 |  4- 6 |  7- 9 | 10-12 || total
---------------------------+-------+-------+-------+-------++-------
  Melee: Unarmed           |    11 |       |       |       ||    11
         Staff             |       |     2 |    68 |     6 ||    76
         Tailslap          |       |       |    15 |     2 ||    17
         Punch             |       |       |     1 |       ||     1
  Throw: Boomerang         |       |       |       |     1 ||     1
   Cast: Foxfire           |    60 |   102 |   309 |    47 ||   518
         Scorch            |     3 |     6 |    35 |    12 ||    56
         Flame Wave        |       |     1 |    19 |     7 ||    27
  Evoke: Wand              |     1 |       |       |     1 ||     2
    Use: Potion            |     1 |       |     3 |     5 ||     9
         Scroll            |       |       |       |     2 ||     2
 Armour: Robe              |    11 |     5 |    61 |     8 ||    85
         Skin              |       |       |    13 |       ||    13
  Dodge: Dodged            |    29 |    17 |    97 |    16 ||   159
